Map: Abyssal Reef LE

Players

Neeb

  • Race: Protoss Protoss
  • Spawn Location: 11:00

Nerchio - Winner!

  • Race: Zerg Zerg
  • Spawn Location: 5:00

Event: WCS Austin 2017

VOD

Have the link to the VOD?

Description

Time

  • Played on: April 30, 2017, 3:38 p.m.
  • Length: 9:43

All games in this series

Show
View Real Time Build Order
Export as new Build Order

Neeb Protoss 

Build Orders: 1 Gate Expand, Oracle Opening 

Get SALT Encoding   

  12  0:00  Probe (Chrono Boost)  
  13  0:11  Probe (Chrono Boost)  
  14  0:18  Pylon  
  14  0:22  Probe (Chrono Boost)  
  15  0:37  Probe (Chrono Boost)  
  15  0:40  Gateway  
  16  0:47  Probe (Chrono Boost)  
  16  0:48  Assimilator  
  17  0:58  Probe (Chrono Boost)  
  18  1:08  Probe (Chrono Boost)  
  19  1:22  Nexus  
  19  1:26  Probe (Chrono Boost)  
  20  1:35  Cybernetics Core  
  20  1:38  Probe (Chrono Boost)  
  21  1:43  Assimilator  
  21  1:49  Probe (Chrono Boost)  
  21  1:53  Pylon  
  22  2:00  Probe (Chrono Boost)  
  23  2:08  Adept  
  23  2:11  Warp Gate  
  23  2:13  Probe (Chrono Boost)  
  26  2:25  Probe (Chrono Boost)  
  26  2:26  Pylon  
  27  2:36  Probe (Chrono Boost), Stargate  
  29  2:37  Probe (Chrono Boost)  
  29  2:39  Adept  
  31  2:46  Probe (Chrono Boost)  
  31  2:47  Probe (Chrono Boost)  
  33  2:57  Probe (Chrono Boost)  
  33  2:58  Probe (Chrono Boost)  
  35  3:07  Probe (Chrono Boost)  
  35  3:08  Probe (Chrono Boost)  
  35  3:09  Adept  
  39  3:15  Gateway  
  39  3:17  Gateway  
  39  3:18  Oracle  
  39  3:19  Probe (Chrono Boost)  
  40  3:26  Probe (Chrono Boost)  
  44  3:31  Pylon  
  44  3:33  Mothership Core (Chrono Boost)  
  46  3:39  Pylon  
  46  3:50  Probe (Chrono Boost)  
  46  3:51  Probe (Chrono Boost)  
  46  3:52  Oracle  
  46  4:01  Probe (Chrono Boost)  
  51  4:03  Probe (Chrono Boost)  
  51  4:05  Nexus  
  51  4:17  Adept x3  
  51  4:19  Probe (Chrono Boost)  
  51  4:21  Probe (Chrono Boost)  
  59  4:27  Assimilator  
  59  4:28  Pylon  
  59  4:31  Phoenix  
  61  4:33  Assimilator, Probe (Chrono Boost)  
  62  4:46  Probe (Chrono Boost)  
  62  4:48  Probe (Chrono Boost)  
  64  4:57  Probe (Chrono Boost)  
  64  4:59  Twilight Council  
  66  5:00  Probe (Chrono Boost)  
  62  5:07  Probe (Chrono Boost)  
  62  5:12  Probe (Chrono Boost)  
  62  5:13  Adept x3  
  64  5:18  Probe (Chrono Boost)  
  64  5:20  Probe (Chrono Boost)  
  66  5:24  Probe (Chrono Boost), Resonating Glaives  
  66  5:25  Robotics Facility  
  67  5:28  Probe (Chrono Boost)  
  67  5:31  Probe (Chrono Boost)  
  70  5:36  Probe (Chrono Boost)  
  70  5:39  Probe (Chrono Boost)  
  70  5:41  Gateway  
  70  5:42  Probe (Chrono Boost), Gateway  
  70  5:43  Gateway  
  70  5:48  Probe (Chrono Boost)  
  70  5:51  Probe (Chrono Boost)  
  70  5:55  Gateway  
  70  5:56  Gateway  
  71  5:58  Gateway  
  71  6:04  Adept x3  
  77  6:05  Probe x2 (Chrono Boost)  
  77  6:07  Warp Prism  
  79  6:16  Pylon  
  81  6:24  Pylon  
  81  6:30  Assimilator  
  77  6:33  Assimilator  
  77  6:40  Adept x3  
  83  6:53  Probe (Chrono Boost), Pylon  
  83  6:54  Pylon  
  84  6:55  Adept x2  
  84  6:56  Adept x4  
  96  7:11  Adept x2  
  96  7:14  Pylon  
  96  7:15  Pylon  
  100  7:19  Adept x7  
  112  7:37  Adept x2  
  112  7:42  Probe (Chrono Boost), Pylon x2  
  112  7:43  Probe x2 (Chrono Boost)  
  113  7:50  Adept x7  
  113  7:52  Probe (Chrono Boost)  
  113  7:55  Probe x2 (Chrono Boost)  
  98  8:03  Probe (Chrono Boost), Adept x2  
  98  8:04  Assimilator  
  98  8:05  Assimilator  
  86  8:07  Probe x2 (Chrono Boost)  
  86  8:08  Forge  
  86  8:10  Immortal  
  88  8:13  Probe (Chrono Boost), Sentry x2  
  88  8:14  Adept x4  
  105  8:23  Adept x3  
  111  8:35  Pylon  
  111  8:36  Pylon, Adept x5  
  111  8:37  Pylon  
  121  8:47  Warp Prism  
  121  8:49  Robotics Bay  
  121  8:53  Robotics Facility  
  123  9:06  Nexus  
  123  9:12  Pylon  
  123  9:16  Stalker x4  
  131  9:21  Observer  
  104  9:39  Adept x9  
Show
View Real Time Build Order
Export as new Build Order

Nerchio Zerg - Winner!

Build Orders: Hatch First 

Get SALT Encoding   

  12  0:00  Drone  
  13  0:12  Overlord  
  13  0:17  Drone  
  14  0:31  Drone x2  
  14  0:34  Drone  
  17  0:55  Hatchery  
  16  0:57  Drone  
  16  0:58  Drone  
  18  1:05  Extractor  
  17  1:15  Spawning Pool  
  17  1:17  Drone  
  17  1:21  Drone  
  18  1:28  Drone  
  19  1:38  Overlord  
  19  1:49  Drone  
  20  2:01  Queen, Zergling x2  
  20  2:06  Metabolic Boost  
  20  2:07  Queen  
  25  2:11  Zergling x2  
  25  2:14  Drone  
  27  2:18  Drone  
  27  2:21  Drone  
  29  2:29  Drone  
  30  2:41  Hatchery  
  30  2:42  Drone  
  30  2:46  Drone  
  30  2:47  Drone  
  32  2:54  Queen  
  34  2:59  Overlord  
  34  3:03  Drone  
  34  3:04  Drone  
  36  3:12  Drone  
  36  3:18  Drone  
  36  3:19  Drone x4  
  41  3:22  Drone  
  41  3:23  Drone  
  42  3:29  Drone x2  
  44  3:37  Spore Crawler x2  
  44  3:39  Drone  
  44  3:40  Drone  
  44  3:49  Overlord  
  44  3:53  Queen  
  44  3:55  Drone x5  
  48  4:00  Overlord  
  49  4:05  Overlord  
  49  4:08  Zergling x2  
  49  4:09  Zergling x6  
  53  4:14  Zergling x2  
  54  4:19  Zergling x4  
  54  4:20  Spore Crawler  
  54  4:22  Zergling x4  
  57  4:25  Zergling x8  
  57  4:28  Drone  
  57  4:29  Drone  
  63  4:31  Drone  
  63  4:35  Lair  
  63  4:37  Drone  
  65  4:43  Overlord  
  65  4:44  Drone x3  
  68  4:48  Drone x2  
  68  4:52  Drone x3  
  73  4:54  Overlord  
  73  4:55  Drone  
  73  5:02  Overlord  
  73  5:06  Drone x3  
  74  5:07  Drone  
  74  5:08  Drone  
  74  5:11  Drone  
  74  5:13  Evolution Chamber  
  76  5:15  Drone  
  77  5:22  Drone x2  
  77  5:25  Hatchery  
  77  5:26  Drone  
  77  5:27  Extractor  
  77  5:29  Drone  
  77  5:31  Drone  
  77  5:33  Extractor  
  77  5:35  Extractor x2  
  73  5:38  Drone  
  73  5:42  Hydralisk Den  
  71  5:44  Drone x4  
  71  5:45  Drone  
  71  5:49  Drone x2, Extractor  
  77  5:50  Drone x2  
  77  5:51  Baneling Nest  
  77  5:55  Overlord  
  77  6:08  Drone  
  77  6:09  Drone x5  
  83  6:12  Overlord  
  83  6:13  Overlord  
  83  6:15  Muscular Augments, Zerg Melee Weapons Level 1  
  83  6:18  Hydralisk x2  
  83  6:19  Hydralisk  
  83  6:21  Hydralisk  
  91  6:25  Hydralisk  
  91  6:28  Hydralisk  
  91  6:32  Overlord  
  94  6:33  Hydralisk  
  94  6:39  Hydralisk x2  
  99  6:49  Roach Warren, Hydralisk  
  99  6:50  Evolution Chamber, Hydralisk x2  
  99  6:52  Evolution Chamber, Baneling x2  
  99  6:53  Baneling  
  102  6:56  Hydralisk  
  102  7:00  Hydralisk  
  102  7:01  Drone x3  
  109  7:03  Hydralisk  
  111  7:10  Overlord  
  111  7:11  Overlord  
  111  7:15  Baneling x7  
  111  7:20  Baneling x4  
  111  7:25  Zergling x16  
  111  7:26  Baneling  
  119  7:31  Zergling x8  
  119  7:32  Zergling x2  
  123  7:37  Hydralisk x2  
  123  7:38  Hydralisk  
  127  7:46  Zergling x6  
  127  7:47  Zergling x2  
  127  7:51  Overlord x2  
  128  7:57  Zergling x2  
  125  7:58  Overlord  
  125  8:03  Drone x5  
  125  8:04  Drone x2  
  125  8:05  Drone x2  
  128  8:08  Centrifical Hooks  
  128  8:09  Overlord  
  128  8:12  Drone x2  
  130  8:14  Baneling x5  
  130  8:15  Baneling  
  130  8:16  Baneling  
  130  8:18  Baneling x4  
  130  8:21  Zergling x4  
  130  8:23  Zergling x4  
  130  8:26  Hydralisk  
  135  8:34  Pneumatized Carapace  
  135  8:40  Hydralisk  
  135  8:41  Hydralisk x4  
  137  8:44  Drone x2  
  137  8:45  Overlord x2  
  147  8:49  Baneling x7  
  147  8:54  Zergling x10  
  147  8:55  Zergling x2  
  153  8:57  Hydralisk  
  153  8:58  Hydralisk  
  153  9:00  Overlord  
  157  9:02  Overlord  
  157  9:04  Baneling  
  157  9:05  Baneling x5  
  157  9:06  Baneling x2  
  157  9:13  Hydralisk x3  
  163  9:19  Zergling x2  
  163  9:20  Zergling x10  
Tags
 
Add a new tag
Caveats
  • Supply blocks, unpowered buildings, or Contaminate may cause inaccurate times.
  • Supply counts are checked every 10 seconds.